 Dungeon Crawl Stone Soup version 0.17-a0-2014-g32cd421 (webtiles) character file.

213 KambridgeKobold the Covered (level 5, -3/48 HPs)
             Began as a Minotaur Fighter on Oct 9, 2015.
             Slain by a slave (6 damage)
             ... led by Pikel
             ... on level 4 of the Dungeon.
             The game lasted 00:07:50 (3029 turns).

KambridgeKobold the Covered (Minotaur Fighter)      Turns: 3029, Time: 00:07:51

Health: -3/48      AC:  9    Str: 20    XL:     5   Next: 59%
Magic:  4/4        EV:  7    Int:  6    God:
Gold:   149        SH:  0    Dex: 10    Spells: 0 memorised, 4 levels left

rFire  . . .     SeeInvis .     a - +1 flail (drain)
rCold  . . .     Clarity  .     n - +0 chain mail
rNeg   . . .     SustAt   .     (no shield)
rPois  .         Gourm    .     (helmet restricted)
rElec  .         Spirit   .     (no cloak)
rCorr  .         Warding  .     (no gloves)
rMut   .         Stasis   .     (no boots)
MR     .....                    o - amulet of inaccuracy (curse)
Stlth  ..........               (no ring)
                                (no ring)

@: not resistant to hostile enchantments, extremely unstealthy
A: retaliatory headbutt, horns 2
a: no special abilities


You were on level 4 of the Dungeon.
You were very hungry.

You visited 2 branches of the dungeon, and saw 5 of its levels.

You collected 149 gold pieces.

Inventory:

Hand Weapons
 a - a +1 flail of draining (weapon)
Missiles
 i - a throwing net (quivered)
Armour
 b - a +0 scale mail
 c - a +0 shield
 f - a +0 cloak
 n - a +0 chain mail (worn)
Jewellery
 o - a cursed amulet of inaccuracy (around neck)
 p - an uncursed amulet of faith
Wands
 m - a wand of frost (21)
Scrolls
 h - 4 scrolls of teleportation
Potions
 d - a potion of might
 g - 3 potions of curing {unknown}
 j - a potion of brilliance {unknown}
 l - a potion of ambrosia {unknown}
 q - a potion of haste {unknown}
 s - a potion of invisibility {unknown}
 t - a potion of agility {unknown}
Comestibles
 e - a bread ration
 k - 2 beef jerkies
 r - 3 fruits


   Skills:
 + Level 5.0 Fighting
 + Level 4.7 Maces & Flails
 + Level 5.3 Armour
 - Level 3.6 Shields


You had 4 spell levels left.
You didn't know any spells.

Dungeon Overview and Level Annotations

Branches:
Dungeon (4/15)             Temple (1/1) D:4

Altars:
Ashenzari
Cheibriados
Dithmenos
Elyvilon
Gozag
Ru
Vehumet
Yredelemnul
The Shining One

Annotations:
D:3 MordorOrchid's ghost, amateur SpNe
D:4 Pikel


Innate Abilities, Weirdness & Mutations

You reflexively headbutt those who attack you in melee.
You have a pair of horns on your head.


Message History

You miss Pikel. You headbutt Pikel!
Pikel is heavily wounded.
The slave barely misses you. You furiously retaliate!
You headbutt the slave. The slave hits you. The slave barely misses you.
Pikel hits you but does no damage. The slave closely misses you.
You furiously retaliate!
You headbutt the slave. The slave hits you.
You closely miss Pikel. Your headbutt misses Pikel.
Pikel is heavily wounded.
The slave hits you but does no damage. Pikel hits you with a whip of freezing.
Pikel freezes you. The slave hits you!
* * * LOW HITPOINT WARNING * * *
The slave hits you but does no damage.
You completely miss Pikel. Your headbutt misses Pikel.
Pikel is heavily wounded.
The slave closely misses you. Pikel hits you with a whip of freezing.
* * * LOW HITPOINT WARNING * * *
Pikel freezes you.
* * * LOW HITPOINT WARNING * * *
The slave hits you but does no damage. The slave hits you.
You die...

#.# #.....######..#####
#.#####....##..,..#.#* #
#......<.........###.# #
#######...#######,*,## #
#...# **,** # #...# *** #
#...# * #.).# #p@.#
#pKp#************
#plr..,,,,,,,>,,* ***
#.l...#********,*
**,*******#.....# *,*
*,,,,,,,,,..###.#* *,*
**,*******..,,,).********,*
*,* ##.,,,.?.,,,,,,,,* *,*
*,,,*,,**********


You could see Pikel, 4 slaves, an iguana, a giant gecko and a quokka.

Vanquished Creatures
  Menkaure (D:4)
  Robin (D:2)
  An ooze (D:1)
  A giant gecko (D:1)
  6 orcs
  6 giant cockroaches
  7 hobgoblins
  10 jackals
  4 kobolds
  A quokka (D:4)
  6 bats
  A giant newt (D:1)
  14 goblins
  7 rats
66 creatures vanquished.

Notes
Turn   | Place    | Note
--------------------------------------------------------------
     0 | D:1      | KambridgeKobold the Minotaur Fighter began the quest for the Orb.
     0 | D:1      | Reached XP level 1. HP: 19/19 MP: 0/0
   114 | D:1      | Reached XP level 2. HP: 27/27 MP: 1/1
   267 | D:1      | Reached skill level 4 in Armour
   441 | D:1      | Reached XP level 3. HP: 25/33 MP: 2/2
   670 | D:2      | Found a sacrificial altar of Ru.
   670 | D:2      | Noticed Robin
   820 | D:2      | Found a shadowy altar of Dithmenos.
   934 | D:2      | Found a basalt altar of Yredelemnul.
  1001 | D:2      | Killed Robin
  1340 | D:2      | Reached XP level 4. HP: 33/40 MP: 3/3
  1912 | D:3      | Noticed MordorOrchid's ghost (amateur SpNe)
  2480 | D:4      | Found a staircase to the Ecumenical Temple.
  2482 | D:4      | Noticed Menkaure
  2485 | Temple   | Entered the Ecumenical Temple
  2769 | D:4      | Killed Menkaure
  2769 | D:4      | Reached skill level 5 in Fighting
  2769 | D:4      | Reached skill level 5 in Armour
  2769 | D:4      | Reached XP level 5. HP: 24/48 MP: 4/4
  3016 | D:4      | Noticed Pikel
  3017 | D:4      | Noticed a slave
  3017 | D:4      | Noticed a slave
  3018 | D:4      | Noticed a slave
  3021 | D:4      | Noticed a slave
  3029 | D:4      | Slain by a slave

Vault maps used:
D:1:      dpeg_arrival_rooms_with_view
D:2:      nicolae_dithmenos_shadow_blocks, nicolae_overflow_crystal_walls,
          serial_glass, glass_columns_a, glass_columns_a,
          nicolae_ru_awakened_eye, uniq_robin
D:3:      first_bread
D:4:      overflow_temple_1_default, minmay_temple_entry_trees,
          grunt_ministairs_2, hangedman_glass_teeth, uniq_eustachio, uniq_pikel,
          uniq_menkaure
Temple:   temple_island_7

Action                   |  1- 3 |  4- 6 || total
-------------------------+-------+-------++-------
Melee: Flail             |    94 |   104 ||   198
  Use: Scroll            |       |     2 ||     2
  Eat: Chunk             |     1 |     5 ||     6
